 Dungeon Crawl Stone Soup version 0.19.0-23-gf02e663 (webtiles) character file.

151 RKaid the Chopper (level 5, -7/45 HPs)
             Began as a Minotaur Fighter on Nov 19, 2016.
             Killed by nerve-wracking pain
             ... invoked by Grinder
              (13 damage)
             ... on level 3 of the Dungeon.
             The game lasted 00:01:50 (1956 turns).

RKaid the Chopper (Minotaur Fighter)                Turns: 1956, Time: 00:01:51

Health: -7/45      AC:  6    Str: 26    XL:     5   Next: 10%
Magic:  4/4        EV:  7    Int:  5    God:
Gold:   167        SH: 10    Dex: 10    Spells: 0 memorised, 4 levels left

rFire  . . .     SeeInvis .     a - +0 war axe
rCold  . . .     Gourm    .     b - +0 scale mail
rNeg   . . .     Faith    .     c - +0 shield
rPois  .         Spirit   .     (helmet restricted)
rElec  .         Reflect  .     (no cloak)
rCorr  .         Harm     .     (no gloves)
MR     .....                    (no boots)
Stlth  ..........               (no amulet)
                                (no ring)
                                (no ring)

@: mighty
A: retaliatory headbutt, horns 2
a: no special abilities


You were on level 3 of the Dungeon.
You were not hungry.

You visited 1 branch of the dungeon, and saw 3 of its levels.

You collected 167 gold pieces.

Inventory:

Hand Weapons
 a - a +0 war axe (weapon)
Armour
 b - a +0 scale mail (worn)
 c - a +0 shield (worn)
Jewellery
 m - an uncursed amulet of magic regeneration {unknown}
   (You found it on level 1 of the Dungeon)
 t - a cursed ring of loudness {unknown}
   (You found it on level 2 of the Dungeon)
Scrolls
 e - 3 scrolls of teleportation {unknown}
 h - a scroll of magic mapping {unknown}
 i - a scroll of fear {unknown}
 n - a scroll of recharging {unknown}
 r - a scroll of blinking {unknown}
 s - a scroll of fog {unknown}
 v - 3 scrolls of remove curse {unknown}
 w - 2 scrolls of enchant weapon {unknown}
 x - 2 scrolls of random uselessness {unknown}
Potions
 j - a potion of ambrosia {unknown}
 l - 2 potions of mutation {unknown}
 p - 2 potions of haste {unknown}
 q - a potion of lignification {unknown}
 z - a potion of heal wounds {unknown}
Comestibles
 f - a bread ration
 g - 7 chunks of flesh
 k - a slice of pizza
 o - 2 meat rations
 u - 2 fruits


   Skills:
 - Level 3.6 Fighting
 + Level 6.4 Axes
 - Level 3.6 Armour
 - Level 3.6 Shields


You had 4 spell levels left.
You didn't know any spells.

Dungeon Overview and Level Annotations

Branches:
Dungeon (3/15)

Altars:

Annotations:
D:3 Grinder


Innate Abilities, Weirdness & Mutations

You reflexively headbutt those who attack you in melee.
You have a pair of horns on your head.


Message History

The iguana barely misses you.
You see here a jackal corpse.
You slash the iguana! You block the iguana's attack.
You hit the iguana. You block the iguana's attack.
The iguana bites you but does no damage.
You closely miss the iguana. You block the iguana's attack.
You hit the iguana.
You kill the iguana!
Your Axes skill increases to level 6!
No target in view!
No target in view!
No target in view!
No target in view!
No target in view!
No target in view!
No target in view!
No target in view!
No target in view!
No target in view!
No target in view!
No target in view!
No target in view!
No target in view!
You butcher the jackal corpse.
g - 4 chunks of flesh (gained 1)
You now have 167 gold pieces (gained 19).
You butcher the rat corpse.
g - 5 chunks of flesh (gained 1)
You butcher the iguana corpse.
g - 7 chunks of flesh (gained 2)
A goblin comes into view. It is wielding a club.
The goblin shouts!
You see here a scroll labeled LECHERE TAPS.
A goblin is nearby!
A goblin is nearby!
A goblin is nearby!
A goblin is nearby!
You block the goblin's attack.
You slash the goblin!
You kill the goblin!
You have reached level 5!
x - 2 scrolls labeled LECHERE TAPS (gained 1)
w - 2 scrolls labeled EBLEADWIGU (gained 1) Marking area around Grinder as unsafe for travelling.
Grinder comes into view.
Grinder shouts!
Grinder says, "There's only one good use for a tongue: cutting it out."
An adder comes into view.
An orc comes into view.
The adder hisses angrily.
The orc shouts!
An orc comes into view. It is wielding a hand axe.
Grinder gestures at you. You resist with significant effort.
You barely miss Grinder. Grinder gestures at you.
You resist with significant effort. You block the adder's attack.
Grinder hits you.
An orc comes into view. It is wielding a whip.
You slash Grinder! Your headbutt misses Grinder. You closely miss the adder.
The adder closely misses you. Grinder closely misses you.
The adder barely misses you. You furiously retaliate!
You headbutt the adder!
An orc comes into view. It is wielding a short sword.
You barely miss the adder.
The orc shouts!
You hit Grinder. The adder bites you but does no damage.
Grinder hits you but does no damage.
You barely miss Grinder. You barely miss the adder.
The adder completely misses you. You block Grinder's attack.
The adder bites you but does no damage.
You closely miss Grinder. You closely miss the adder. The adder bites you.
Grinder hits you but does no damage. You block the adder's attack.
Grinder hits you.
You hit Grinder. You hit the orc. You hit the adder. The orc hits you.
You block the adder's attack. Grinder hits you but does no damage.
The orc closely misses you.
You hit Grinder. You miss the adder. You hit the orc.
You kill the orc!
You block the adder's attack. Grinder hits you.
You writhe in agony.
You block the adder's attack.
You hit Grinder. Your headbutt misses Grinder. You slash the orc!
You kill the orc!
You miss the adder. The adder bites you. You block Grinder's attack.
The orc hits you with a short sword. The adder bites you.
An orc comes into view. It is wielding a hand axe.
The orc shouts!
You hit Grinder. You closely miss the adder. You closely miss the orc.
Grinder hits you!
* * * LOW HITPOINT WARNING * * *
You writhe in agony.
* * * LOW HITPOINT WARNING * * *
The adder closely misses you. You furiously retaliate!
You headbutt the adder.
You kill the adder!
You block the orc's attack. Grinder gestures at you.
You barely resist.
You feel very mighty all of a sudden. The orc hits you but does no damage.
Grinder gestures at you. Pain shoots through your body!
You die...

............#.#
..#
...............
[...
.##.....##..#.##
.#..
.#......##.....#
...#
................ .
..####..###......#
#.#####..# .#....
........###......
####.....@5.....#
#.....oo.....#
................
#..#............#
##.......%......#
###..........o.#
....##..###....
#### #..# ....


You could see Grinder and 3 orcs.

Vanquished Creatures
  Jessica (D:2)
  An iguana (D:3)
  5 adders
  A worm (D:2)
  4 dart slugs
  2 leopard geckos
  2 orcs (D:3)
  A ball python (D:2)
  5 bats
  A giant cockroach (D:1)
  6 goblins
  3 hobgoblins
  2 jackals (D:3)
  4 frilled lizards
  2 kobolds
  4 rats
44 creatures vanquished.

Notes
Turn   | Place    | Note
-------+----------+-------------------------------------------
     0 | D:1      | RKaid the Minotaur Fighter began the quest for the Orb.
     0 | D:1      | Reached XP level 1. HP: 19/19 MP: 0/0
    51 | D:1      | Reached skill level 3 in Axes
   124 | D:1      | Reached XP level 2. HP: 26/26 MP: 1/1
   669 | D:2      | Reached skill level 4 in Axes
   819 | D:2      | Reached XP level 3. HP: 23/31 MP: 2/2
  1172 | D:2      | Reached skill level 5 in Axes
  1623 | D:2      | Noticed Jessica
  1626 | D:2      | Killed Jessica
  1626 | D:2      | Reached XP level 4. HP: 39/39 MP: 3/3
  1910 | D:3      | Reached skill level 6 in Axes
  1924 | D:3      | Reached XP level 5. HP: 45/45 MP: 4/4
  1944 | D:3      | Noticed Grinder
  1955 | D:3      | HP: 7/45 [Grinder (8)]
  1956 | D:3      | Killed from afar by Grinder

Skill      XL: |  1  2  3  4 |
---------------+-------------+-----
Axes           | 3 4 5 6 |  6.4
Fighting       | |  3.6
Armour         | |  3.6
Shields        | |  3.6

Action                   |  1- 3 |  4- 6 || total
-------------------------+-------+-------++-------
Melee: War axe           |    82 |    32 ||   114
       Headbutt          |    10 |     2 ||    12
  Use: Potion            |       |     1 ||     1
  Eat: Chunk             |     2 |     1 ||     3
Armor: Scale mail        |    35 |    15 ||    50
Dodge: Dodged            |    35 |    12 ||    47
Block: Shield            |    39 |    21 ||    60

Vault maps used:
D:1:      co_arrival_square_in_a_square_in_a_square, serial_glass,
          glass_columns_a, glass_columns_a
D:2:      uniq_jessica
D:3:      ecumenical_altar_1, first_bread, kennysheep_path_1,
          hangedman_decor_slide_cut, minmay_misc_feat_diagonals, uniq_grinder

Table legend:
 A = Turns spent in this place as a percentage of turns spent in the entire game.
 B = Non-inter-level travel turns spent in this place as a percentage of non-inter-level travel turns spent in the entire game.
 C = Inter-level travel turns spent in this place as a percentage of turns spent in this place.
 D = Turns resting spent in this place as a percentage of non-inter-level travel turns spent in this place.
 E = Turns spent auto-exploring this place as a percentage of non-inter-level travel turns spent in this place.
 F = Non-inter-level travel turns spent in this place divided by the number of levels of this place that you've seen.
                   A       B       C       D       E      F
               +-------+-------+-------+-------+-------+----------------------
         Total | 100.0 | 100.0 |   0.4 |   1.8 |  13.0 | 164.0
       Dungeon | 100.0 | 100.0 |   0.4 |   1.8 |  13.0 | 164.0
               +-------+-------+-------+-------+-------+----------------------

Table legend:
 A = Kills in this place as a percentage of kills in entire the game.
 B = Kills by you in this place as a percentage of kills by you in the entire game.
 C = Kills by friends in this place as a percentage of kills by friends in the entire game.
 D = Other kills in this place as a percentage of other kills in the entire game.
 E = Experience gained in this place as a percentage of experience gained in the entire game.
 F = Experience gained in this place divided by the number of levels of this place that you have seen.
                   A       B       C       D       E      F
               +-------+-------+-------+-------+-------+----------------------
         Total | 100.0 | 100.0 |  -nan |  -nan | 100.0 |  72.0
       Dungeon | 100.0 | 100.0 |  -nan |  -nan | 100.0 |  72.0
               +-------+-------+-------+-------+-------+----------------------
